 Dungeon Crawl Stone Soup version 0.28-a0-655-g4eb62b627b (webtiles) character file.

Game seed: 13570344738167281404

228 Irenicus the Geomancer (level 5, 29/42 HPs)
             Began as a Deep Dwarf Earth Elementalist on Oct 12, 2021.
             Quit the game on level 2 of the Dungeon.
             The game lasted 00:05:08 (739 turns).

Irenicus the Geomancer (DDEE)                        Turns: 739, Time: 00:05:09

Health: 29/42      AC:  2    Str: 11    XL:     5   Next: 71%
Magic:  1/6        EV: 12    Int: 17    God:
Gold:   22         SH:  0    Dex: 13    Spells: 4/7 levels left

rFire   . . .      SeeInvis .   d - +0 short sword
rCold   . . .      Faith    .   (no shield)
rNeg    . . .      Spirit   .   b - +0 robe
rPois   .          Reflect  .   (no helmet)
rElec   .          Harm     .   (no cloak)
rCorr   .          Rampage  .   (no gloves)
Will    +....                   (no boots)
Stlth   ++........              (no amulet)
HPRegen 0.00/turn               W - ring of willpower
MPRegen 0.10/turn               (no ring)

@: no status effects
A: damage resistance, heal wounds, sense surroundings 1, no regeneration
a: Heal Wounds


You were on level 2 of the Dungeon.
You visited 1 branch of the dungeon, and saw 2 of its levels.

You collected 22 gold pieces.


Innate Abilities, Weirdness & Mutations

You are resistant to damage.
You can heal yourself by infusing magical energy.
You passively map a small area around you.
You do not regenerate.


   Skills:
 - Level 2.1 Dodging
 - Level 2.4 Stealth
 - Level 1.7 Spellcasting
 - Level 0.8 Transmutations
 + Level 8.6 Earth Magic


You had 4 spell levels left.
You knew the following spells:

 Your Spells              Type           Power      Damage    Failure   Level
w - Passwall              Tmut/Erth      14%        N/A       4%          2
z - Sandblast             Erth           60%        2d14      1%          1

Your spell library contained the following spells:

 Spells                   Type           Power      Damage    Failure   Level
 Stone Arrow              Conj/Erth      32%        3d9       10%         3
 Petrify                  Tmut/Erth      17%        N/A       28%         4

Inventory:

Hand Weapons
 d - a +0 short sword (weapon)
Missiles
 c - 50 stones
Armour
 b - a +0 robe (worn)
Jewellery
 W - a ring of willpower (left hand)
Scrolls
 f - a scroll of vulnerability

Dungeon Overview and Level Annotations

Branches:
Dungeon (2/15)

Altars:

... ** , #.#
#.# * #.# *
###.##### ,
#,,.......####
#.###.........
#..@......#
########### *
* * *** * * *


There were no monsters in sight!


Message History

You hit Sigmund.
Sigmund is almost dead.
Sigmund hits you with a +0 scythe!
You hit Sigmund.
You kill Sigmund!
You feel your strength returning.
You feel your intelligence returning.
You feel your dexterity returning.
Your Earth Magic skill gained 2 levels and is now at level 8!
You have reached level 4!
You feel clever.
You have reached level 5!
As you read the scroll labelled BUDATW XYESHAA, it crumbles to dust.
You feel strangely unstable.
It was a scroll of teleportation.
Blink to where?
Press: ? - help, Dir - move target
As you read the scroll labelled CIRIVU DIJUQI, it crumbles to dust.
It was a scroll of blinking.
As you read the scroll labelled EFAC ZOQUAT, it crumbles to dust.
It is a scroll of identify.
f - a scroll of vulnerability
As you read the scroll labelled ERAROREUSTRO, it crumbles to dust.
You assume a fearsome visage.
Nothing appears to happen.
It was a scroll of fear.
Your surroundings suddenly seem different.
A hobgoblin comes into view.
The hobgoblin shouts!
The hobgoblin misses you.
You hit the hobgoblin.
You kill the hobgoblin!
Are you sure you want to abandon this character and quit the game? (Confirm with "yes".)

Skill      XL: |  1  2  3 |
---------------+----------+-----
Earth Magic    | 5 8 |  8.6
Dodging        | |  2.1
Stealth        | |  2.4
Spellcasting   | |  1.7
Transmutations | |  0.8

Action                   |  1- 3 |  4- 6 || total
-------------------------+-------+-------++-------
Melee: Short sword       |    46 |     1 ||    47
 Cast: Sandblast         |    44 |       ||    44
       Passwall          |     3 |       ||     3
 Abil: Heal Wounds       |     1 |       ||     1
  Use: Potion            |     1 |       ||     1
       Scroll            |       |     4 ||     4
 Stab: Sleeping          |     2 |       ||     2
Armor: Robe              |    14 |       ||    14
Dodge: Dodged            |    40 |     1 ||    41

Levels and vault maps discovered:
D:1:      dpeg_arrival_arbitrary_c, layout_basic,
          shapermc_ecumenical_altar_mp_ritualfount, minmay_surrounded
D:2:      layout_loops_corners, uniq_terence, uniq_sigmund

Notes
Turn   | Place    | Note
-------+----------+-------------------------------------------
     0 | D:1      | Irenicus the Deep Dwarf Earth Elementalist began the quest
                  | for the Orb.
     0 | D:1      | Reached XP level 1. HP: 15/15 MP: 3/3
   155 | D:1      | Reached XP level 2. HP: 22/22 MP: 2/4
   183 | D:1      | Reached skill level 5 in Earth Magic
   196 | D:1      | Found a faded altar of an unknown god.
   370 | D:1      | Reached XP level 3. HP: 25/28 MP: 1/5
   459 | D:1      | Learned a level 2 spell: Passwall
   578 | D:2      | Reached skill level 6 in Earth Magic
   714 | D:2      | Noticed Sigmund
   730 | D:2      | Killed Sigmund
   731 | D:2      | Reached skill level 8 in Earth Magic
   731 | D:2      | Reached XP level 4. HP: 25/36 MP: 0/5
   731 | D:2      | Reached XP level 5. HP: 29/42 MP: 0/6
   739 | D:2      | Quit the game

Vanquished Creatures
  Sigmund (D:2)
  An adder (D:2)
  2 worms (D:2)
  2 dart slugs (D:1)
  3 ball pythons
  4 endoplasms (D:1)
  3 giant cockroaches
  4 goblins (D:1)
  2 hobgoblins (D:2)
  5 bats (D:1)
  3 frilled lizards (D:1)
  8 kobolds
  5 rats
43 creatures vanquished.

Table legend: (Time is in decaauts)
 A = Elapsed time spent in this place.
 B = Non-inter-level travel time spent in this place.
 C = Inter-level travel time spent in this place.
 D = Time resting spent in this place.
 E = Time spent auto-exploring this place.
 F = Levels seen in this place.
 G = Mean time per level.
                   A        B        C        D        E       F      G
               +--------+--------+--------+--------+--------+-----+--------+
         Total |    742 |    742 |      0 |      0 |      0 |   2 |  371.0 |
       Dungeon |    742 |    742 |      0 |      0 |      0 |   2 |  371.0 |
               +--------+--------+--------+--------+--------+-----+--------+

Top non-repeatable levels by time:
     D:1: 561 daAuts
     D:2: 180 daAuts

Table legend:
 A = Non-vault XP
 B = Vault XP
 C = Vault XP percentage of total XP
 D = Non-vault monster count
 E = Vault monster count
 F = Vault count percentage of total count
                 A         B        C        D         E       F
            +---------+---------+-------+---------+---------+-------
      Total |      82 |     245 |  74.9 |      38 |       5 |  11.6
            +---------+---------+-------+---------+---------+-------
        D:1 |      46 |       7 |  13.2 |      28 |       4 |  12.5
        D:2 |      36 |     238 |  86.9 |      10 |       1 |   9.1
            +---------+---------+-------+---------+---------+-------
